 Dungeon Crawl Stone Soup version 0.18-a0-1312-gf98331d (webtiles) character file.

15 Rottenbandages the Insei (level 2, 0/24 HPs)
             Began as a Mummy Monk on Feb 14, 2016.
             Slain by a hobgoblin (1 damage)
             ... on level 1 of the Dungeon.
             The game lasted 00:00:44 (512 turns).

Rottenbandages the Insei (Mummy Monk)                Turns: 512, Time: 00:00:44

Health: 0/24       AC:  1    Str: 14    XL:     2   Next: 34%
Magic:  2/2        EV: 13    Int:  9    God:
Gold:   24         SH:  0    Dex: 14    Spells: 0 memorised, 1 level left

rFire  x . .     SeeInvis .       - Unarmed
rCold  + . .     Gourm    .     (no armour)
rNeg   + + +     Faith    .     (no shield)
rPois  ∞         Spirit   .     (no helmet)
rElec  .         Dismiss  .     c - +0 cloak
rCorr  .         Reflect  .     (no gloves)
SustAt .         Harm     .     (no boots)
MR     .....                    (no amulet)
Stlth  ++........               (no ring)
                                (no ring)

@: not resistant to hostile enchantments, unstealthy
A: no food or potions, fire vulnerability, cold resistance 1, negative energy
resistance 3, torment resistance, unbreathing
a: no special abilities


You were on level 1 of the Dungeon.
You were not hungry.

You visited 1 branch of the dungeon, and saw 1 of its levels.

You collected 24 gold pieces.


Innate Abilities, Weirdness & Mutations

You do not eat or drink.
Your flesh is vulnerable to fire.
You are immune to poison.
Your flesh is cold resistant.
You are immune to negative energy.
You are immune to unholy pain and torment.
You can survive without breathing.


   Skills:
 - Level 3.0 Fighting
 - Level 2.4 Dodging
 - Level 1.5 Stealth
 + Level 3.8 Unarmed Combat


You had one spell level left.
You didn't know any spells.

Inventory:

Armour
 c - a +0 cloak (worn)
Scrolls
 a - a scroll of identify {unknown}
 b - a scroll of noise {unknown}
 d - a scroll of fear {unknown}
 e - a scroll of remove curse {unknown}
 f - a scroll of random uselessness {unknown}

Dungeon Overview and Level Annotations

Branches:
Dungeon (1/15)

Altars:

Annotations:
D:1 exclusion: 2 doors

..▒.▒▒#..▒▒▒.........▒▒▒...▒▒.▒.▒
..▒.▒≈≈g.▒▒...........▒▒....▒.▒.▒
..▒.▒≈...▒+............▒....▒.▒.▒
..▒.+≈g..+8.....<(..........'...▒
..▒(▒≈...▒▒............▒....▒.▒.▒
..▒.▒≈≈..▒▒...........▒▒....▒.▒.▒
▒.▒.▒▒≈..▒▒▒.........▒▒▒...▒▒.▒.▒
..▒.▒▒▒▒▒▒ ▒▒▒▒8'8▒▒▒▒ ▒▒▒▒▒.▒▒.▒
..▒▒.▒ ▒▒▒▒▒▒@▒▒▒▒▒▒ ▒.▒▒.▒
..▒▒.▒▒ ▒...##g.....▒ ▒▒.▒▒.▒
...▒▒.▒▒▒ ▒≈≈#.##..≈#≈▒ ▒▒▒.▒▒▒.▒
.▒..▒▒..▒▒▒▒▒#≈#≈≈≈#▒▒▒▒▒..▒▒▒..▒
.▒▒..▒▒▒...▒▒▒▒▒+▒▒▒▒▒...▒▒▒...▒▒
.▒....▒▒▒▒▒....(......▒▒▒▒▒..▒▒▒
▒▒.▒...▒▒▒▒▒▒▒▒▒▒▒▒▒▒▒▒▒ ▒..▒▒
...▒............)......▒ ▒.▒▒
...▒▒▒▒▒▒▒▒▒▒▒▒▒▒▒▒▒.▒.▒▒▒.▒


You could see a hobgoblin.


Message History

You barely miss the hobgoblin.
The hobgoblin is almost dead.
The hobgoblin closely misses you.
You completely miss the hobgoblin.
The hobgoblin is almost dead.
The hobgoblin barely misses you.
You closely miss the hobgoblin.
The hobgoblin is almost dead.
The hobgoblin hits you but does no damage.
You barely miss the hobgoblin.
The hobgoblin is almost dead.
The hobgoblin closely misses you.
You hit the hobgoblin but do no damage.
The hobgoblin is almost dead.
The hobgoblin hits you.
* * * LOW HITPOINT WARNING * * *
You closely miss the hobgoblin.
The hobgoblin is almost dead.
The hobgoblin barely misses you.
You closely miss the hobgoblin.
The hobgoblin is almost dead.
The hobgoblin closely misses you.
You barely miss the hobgoblin.
The hobgoblin is almost dead.
The hobgoblin hits you.
* * * LOW HITPOINT WARNING * * *
You closely miss the hobgoblin.
The hobgoblin is almost dead.
The hobgoblin hits you.
You die...

Action                   || total
-------------------------++-------
Melee: Unarmed           ||    62
 Stab: Sleeping          ||     2

Vault maps used:
D:1:      dpeg_arrival_morbid_curiosity, minmay_bisected

Notes
Turn   | Place    | Note
--------------------------------------------------------------
     0 | D:1      | Rottenbandages the Mummy Monk began the quest for the Orb.
     0 | D:1      | Reached XP level 1. HP: 18/18 MP: 1/1
   218 | D:1      | Reached XP level 2. HP: 16/24 MP: 2/2
   503 | D:1      | HP: 2/24 [hobgoblin (4)]
   508 | D:1      | HP: 2/24 [hobgoblin (1)]
   512 | D:1      | Slain by a hobgoblin

Vanquished Creatures
  2 ball pythons (D:1)
  2 giant cockroaches (D:1)
  3 goblins (D:1)
  3 hobgoblins (D:1)
  A bat (D:1)
  2 rats (D:1)
13 creatures vanquished.
